 Dungeon Sprint DCSS version 0.31-a0-1412-g7b7c7d10e1 (webtiles) character file.

Game seed: 2072184287892664099

3138 Morrissey the Severer (level 9, -4/86 HPs)
             Began as a Hill Orc Fighter on Dec 26, 2023.
             Was the Champion of Makhleb.
             Succumbed to a sea snake's poison
             ... in the Dungeon (Sprint VII: "The Pits").
             The game lasted 00:06:17 (1008 turns).

Morrissey the Severer (Hill Orc Fighter)            Turns: 1008, Time: 00:06:18

Health: -4/86      AC: 17    Str: 21    XL:     9   Next: 92%
Magic:  19/19      EV:  7    Int:  8    God:    Makhleb [******]
Gold:   0          SH: 11    Dex: 12    Spells: 8/8 levels left

rFire   . . .        a - +1 broad axe (heavy)
rCold   . . .        o - +0 kite shield
rNeg    . . .        f - +3 chain mail
rPois   .            u - +0 helmet
rElec   .            (no cloak)
rCorr   .            (no gloves)
SInv    .            t - +0 pair of boots
Will    .....        (no amulet) Stlth
                     (no ring)
HPRegen 0.34/turn    (no ring)
MPRegen 0.16/turn

%: no teleportation
@: lethally poisoned (-4 -> -84), frozen, very slow
A: no striking features
a: Renounce Religion, Minor Destruction, Lesser Servant of Makhleb, Major
Destruction, Greater Servant of Makhleb


You were in the Dungeon.
You worshipped Makhleb.
Makhleb was exalted by your worship.
You visited 1 branch

Inventory:

Hand Weapons
 a - a +1 heavy broad axe (weapon)
 b - a +2 scimitar of flaming
 s - a +0 war axe
Armour
 c - a +0 buckler
 f - a +3 chain mail (worn)
 o - a +0 kite shield (worn)
 t - a +0 pair of boots (worn)
 u - a +0 helmet (worn)
Jewellery
 p - a +3 ring of intelligence
 r - a +3 ring of dexterity
Scrolls
 j - a scroll of blinking
 l - 2 scrolls of vulnerability
 m - 5 scrolls of amnesia
 n - a scroll of summoning
Potions
 d - 3 potions of might
 e - 7 potions of curing
 g - 3 potions of haste
 h - 4 potions of magic
 i - a potion of berserk rage
 k - 2 potions of invisibility
 q - 2 potions of mutation
 v - 6 potions of heal wounds


   Skills:
 - Level 10.3 Fighting
 * Level 16.8 Axes
 + Level 10.4 Armour
 + Level 10.4 Shields
 * Level 13.7 Invocations


You had 8 spell levels left.
You didn't know any spells.
Your spell library was empty.

Dungeon Overview and Level Annotations

Branches:
Dungeon (1/1)

Altars:
Ashenzari
Cheibriados
Dithmenos
Elyvilon
Fedhas
Gozag
Hepliaklqana
Kikubaaqudgha
Makhleb
Nemelex Xobeh
Okawaru
Qazlal
Ru
Sif Muna
Trog
Uskayaw
Vehumet
Wu Jian
Xom
Yredelemnul
Zin
The Shining One
Beogh
Jiyva
Lugonu


Message History

There is a large open door, spattered with blood here.
You see here a dream sheep corpse.
Okay, then.
You open the door.
A rime drake, a sea snake and an orange demon come into view.
The rime drake hisses angrily.
The sea snake hisses angrily.
The orange demon screeches!
There is an open door here.
You miss the sea snake. You block the sea snake's attack.
You slice the sea snake!!
The sea snake is heavily wounded.
You barely miss the rime drake. The sea snake bites you!
You are poisoned.
The sea snake poisons you! You block the rime drake's attack.
The orange demon stings you but does no damage.
The sea snake closely misses you.
You closely miss the sea snake.
The sea snake is heavily wounded.
You barely miss the rime drake.
You feel extremely sick.
The rime drake bites you but does no damage.
You block the orange demon's attack. The sea snake bites you!
The rime drake breathes ice at you.
The icy flash freeze hits you but does no damage.
You are encased in ice.
The orange demon stings you from afar.
* * * LOW HITPOINT WARNING * * *
A demon appears!
* * * LOW HITPOINT WARNING * * *
You feel extremely sick. The sea snake bites you.
* * * LOW HITPOINT WARNING * * *
You are more poisoned.
The sea snake poisons you!
The rime drake bites you but does no damage.
The orange demon barely misses you.
You barely miss the sea snake.
The sea snake is heavily wounded.
You hit the rime drake.
You die...

####'#####''######
#.......##''#####
#.......##......#
#.......##..†...#
#...<...###...†## ##
#.......# ##''## ##..+
#.......###....###....#
#.......##......#....#
##########...††.@S...+
##########.....1#k4..#
...#..[.###.†..###....#
...#..[.# ##'†## ##..+
...'...)# #....# ##
...#...)##......#
...#..))##......#
#################


You could see a sea snake (ally target), an orange demon, a rime drake (catching
breath) and a friendly Executioner (summoned).

Vanquished Creatures
  A sea snake (D)
  An elephant (D)
  Prince Ribbit (D)
  A glass eye (D)
  5 dream sheep (D)
  A shadow (D)
  A steam dragon (D)
  A sky beast (D)
  A phantom (D)
  A weeping skull (D)
  2 gnoll sergeants (D)
  3 killer bees (D)
  An orc priest (D)
  A mummy (D)
  13 gnolls (D)
  An adder (D)
  2 river rats (D)
  An ufetubus (D)
  An orc (D)
  A ball python (D)
  A bat zombie (D)
  A goblin (D)
  A hobgoblin (D)
  5 jackals (D)
  A quokka (D)
49 creatures vanquished.

Vanquished Creatures (collateral kills)
  A gnoll sergeant (D)
1 creature vanquished.

Vanquished Creatures (others)
  A gnoll (D)
1 creature vanquished.

Grand Total: 51 creatures vanquished

Notes
Turn   | Place    | Note
-------+----------+-------------------------------------------
     0 | D        | Morrissey the Hill Orc Fighter began the quest for the Orb.
     0 | D        | Reached XP level 1. HP: 19/19 MP: 1/1
    12 | D        | Reached skill level 4 in Axes
    12 | D        | Reached XP level 2. HP: 28/28 MP: 2/2
    34 | D        | Found a glowing golden altar of the Shining One.
    34 | D        | Found a glowing silver altar of Zin.
    34 | D        | Found a basalt altar of Yredelemnul.
    34 | D        | Found a shimmering altar of Xom.
    34 | D        | Found an ornate altar of the Wu Jian Council.
    34 | D        | Found a bloodstained altar of Trog.
    34 | D        | Found a shimmering blue altar of Sif Muna.
    34 | D        | Found a sacrificial altar of Ru.
    34 | D        | Found a stormy altar of Qazlal.
    34 | D        | Found an iron altar of Okawaru.
    34 | D        | Found a sparkling altar of Nemelex Xobeh.
    34 | D        | Found a burning altar of Makhleb.
    34 | D        | Found a viscous altar of Jiyva.
    34 | D        | Found a hazy altar of Hepliaklqana.
    34 | D        | Found an opulent altar of Gozag.
    34 | D        | Found a blossoming altar of Fedhas.
    34 | D        | Found a white marble altar of Elyvilon.
    34 | D        | Found a shadowy altar of Dithmenos.
    34 | D        | Found a snail-covered altar of Cheibriados.
    35 | D        | Found a radiant altar of Vehumet.
    35 | D        | Found a corrupted altar of Lugonu.
    35 | D        | Found a roughly hewn altar of Beogh.
    37 | D        | Found an ancient bone altar of Kikubaaqudgha.
    37 | D        | Found a hide-covered altar of Uskayaw.
    37 | D        | Found a broken altar of Ashenzari.
    44 | D        | Became a worshipper of Makhleb the Destroyer
    71 | D        | Reached * piety under Makhleb
    72 | D        | Reached skill level 5 in Fighting
    72 | D        | Reached skill level 5 in Axes
    85 | D        | Reached XP level 3. HP: 37/37 MP: 3/3
   113 | D        | Noticed a glass eye
   119 | D        | Reached ** piety under Makhleb
   150 | D        | Killed a glass eye
   151 | D        | Reached skill level 9 in Axes
   151 | D        | Reached XP level 4. HP: 50/50 MP: 4/4
   151 | D        | Reached XP level 5. HP: 57/57 MP: 5/5
   151 | D        | Reached XP level 6. HP: 63/63 MP: 6/6
   153 | D        | Reached *** piety under Makhleb
   221 | D        | Noticed a sky beast
   242 | D        | Reached skill level 10 in Axes
   242 | D        | Killed a sky beast
   242 | D        | Reached **** piety under Makhleb
   243 | D        | Reached skill level 10 in Fighting
   250 | D        | Reached skill level 11 in Axes
   250 | D        | Reached XP level 7. HP: 51/73 MP: 6/10
   258 | D        | Reached skill level 5 in Invocations
   261 | D        | Reached ***** piety under Makhleb
   399 | D        | Noticed a steam dragon
   410 | D        | Killed a steam dragon
   411 | D        | Reached skill level 12 in Axes
   626 | D        | Noticed a sea snake
   644 | D        | Killed a sea snake
   644 | D        | Reached ****** piety under Makhleb
   645 | D        | Reached skill level 13 in Axes
   645 | D        | Reached XP level 8. HP: 48/80 MP: 12/15
   651 | D        | Reached skill level 14 in Axes
   652 | D        | Reached skill level 10 in Invocations
   964 | D        | Noticed Prince Ribbit
   967 | D        | Killed Prince Ribbit
   969 | D        | Reached XP level 9. HP: 79/86 MP: 15/17
   982 | D        | Noticed an elephant
   985 | D        | Reached skill level 15 in Axes
   987 | D        | Killed an elephant
   988 | D        | Reached skill level 16 in Axes
   988 | D        | Reached skill level 10 in Armour
   988 | D        | Reached skill level 10 in Shields
  1002 | D        | Noticed a rime drake
  1002 | D        | Noticed a sea snake
  1002 | D        | Noticed an orange demon
  1008 | D        | Succumbed to a sea snake's poison

Illustrated notes

Levels and vault maps discovered:
D:        pitsprint [storerooms_1, entrance_room_1, metal_vault_2, armoury_2,
          mini_pit_1, grid_room_1, main_hall_1, silver_pit, the_coven_3,
          the_vestibule_1, steel_vault_1, golden_pit, hallway_of_sentries,
          crystal_vault_2, iron_vault_2, final_vault]

Skill      XL: |  1  2  3  4  5  6  7  8  9 |
---------------+----------------------------+-----
Fighting       | 4 5 9 10 | 10.3
Axes           | 4 5 9 11 13 14 16 | 16.8
Armour         | 4 6 7 8 9 10 | 10.4
Shields        | 4 6 7 8 9 10 | 10.4
Invocations    | 4 9 11 13 | 13.7

Action                     |  1- 3 |  4- 6 |  7- 9 || total
---------------------------+-------+-------+-------++-------
  Melee: War axe           |    56 |    25 |    58 ||   139
         Broad axe         |       |       |    20 ||    20
 Invoke: Minor Destruction |       |     1 |       ||     1
         Major Destruction |       |       |     2 ||     2
         Lesser Servant of |       |       |     1 ||     1
         Greater Servant o |       |       |     1 ||     1
    Use: Potion            |     2 |       |     2 ||     4
   Stab: Distracted        |       |       |     1 ||     1
 Armour: Scale mail        |    19 |     1 |       ||    20
         Chain mail        |       |    22 |    78 ||   100
  Dodge: Dodged            |    15 |    17 |    32 ||    64
  Block: Buckler           |    10 |     7 |     2 ||    19
         Kite shield       |       |       |    52 ||    52

Table legend: (Time is in decaauts)
 A = Elapsed time spent in this place.
 B = Non-inter-level travel time spent in this place.
 C = Inter-level travel time spent in this place.
 D = Time resting spent in this place.
 E = Time spent auto-exploring this place.
 F = Levels seen in this place.
 G = Mean time per level.
                   A        B        C        D        E       F      G
               +--------+--------+--------+--------+--------+-----+--------+
         Total |   1045 |   1041 |      4 |    527 |      0 |   1 | 1045.0 |
       Dungeon |   1045 |   1041 |      4 |    527 |      0 |   1 | 1045.0 |
               +--------+--------+--------+--------+--------+-----+--------+

Top non-repeatable levels by time:
       D: 1045 daAuts
